Map: New Repugnancy LE

Players

SoldieR

  • Race: Terran Terran
  • League: Grandmaster
  • Spawn Location: 7:00

PiG - Winner!

  • Race: Protoss Protoss
  • League: Grandmaster
  • Spawn Location: 1:00

VOD

Have the link to the VOD?

Description

Time

  • Played on: July 18, 2019, 7:16 p.m.
  • Length: 17:27
Show
View Real Time Build Order
Export as new Build Order

SoldieR Terran 

Build Orders:  

Get SALT Encoding   

  12  0:01  SCV  
  13  0:13  SCV  
  14  0:17  Supply Depot  
  14  0:25  SCV  
  15  0:39  SCV  
  15  0:40  Barracks  
  16  0:44  Refinery  
  16  0:51  SCV  
  17  1:03  SCV  
  18  1:15  SCV  
  19  1:29  Orbital Command, Marine  
  20  1:48  Supply Depot  
  20  1:49  Barracks Tech Lab  
  20  1:55  Command Center  
  20  1:59  SCV  
  21  2:09  Marauder, Concussive Shells  
  21  2:14  Barracks  
  24  2:15  SCV  
  24  2:27  SCV  
  25  2:30  Marauder  
  25  2:33  Barracks  
  27  2:39  SCV  
  27  2:43  Refinery  
  28  2:51  Marine  
  28  2:52  SCV  
  30  3:02  Marine  
  31  3:06  Stimpack, SCV  
  31  3:07  Orbital Command  
  32  3:14  Marauder  
  32  3:18  SCV  
  35  3:20  Marine  
  35  3:22  Marine  
  37  3:30  Factory  
  37  3:31  SCV  
  37  3:34  SCV  
  39  3:35  Marine  
  40  3:43  SCV  
  40  3:45  Marine x2  
  40  3:46  SCV  
  44  3:50  Supply Depot  
  44  3:55  SCV  
  45  3:56  Engineering Bay  
  45  4:02  Marine  
  42  4:03  Marine x2  
  43  4:15  SCV x2  
  43  4:19  Starport  
  43  4:20  Factory Reactor, Marine  
  43  4:21  Marine x2  
  43  4:23  Missile Turret  
  46  4:29  Missile Turret, SCV  
  46  4:30  SCV  
  48  4:38  Marauder  
  48  4:41  Barracks Reactor, Barracks Tech Lab, SCV  
  51  4:47  Supply Depot  
  51  4:53  SCV x2  
  51  4:59  Marine  
  54  5:01  Supply Depot  
  54  5:03  Combat Shield  
  54  5:08  Marine, SCV  
  54  5:09  Supply Depot, SCV  
  54  5:11  Medivac x2  
  61  5:17  Marine  
  62  5:22  Marine x2, SCV  
  62  5:26  Marauder  
  67  5:32  SCV  
  67  5:33  Command Center  
  67  5:34  SCV  
  67  5:35  Marine  
  70  5:37  Refinery  
  70  5:39  Supply Depot  
  70  5:40  Marine  
  71  5:47  Medivac  
  72  5:53  Marine x2  
  72  5:56  Medivac  
  75  5:58  SCV x2  
  77  6:06  Marine x2  
  77  6:15  Marine  
  77  6:16  Marauder  
  80  6:20  Medivac  
  80  6:23  Marine  
  80  6:24  Marauder  
  83  6:32  SCV x2  
  82  6:33  Marine  
  82  6:34  Refinery  
  82  6:36  Factory Tech Lab  
  82  6:37  Marauder  
  79  6:41  Marine  
  79  6:42  Medivac  
  79  6:43  Barracks  
  79  6:45  Marauder  
  79  6:46  SCV x2  
  84  6:49  Supply Depot  
  84  6:50  Supply Depot  
  84  6:51  Marine  
  83  6:58  Marine  
  83  6:59  Marine  
  85  7:06  Viking  
  85  7:07  Marauder  
  83  7:09  Marine  
  83  7:12  Viking, SCV x2  
  88  7:16  Marauder  
  88  7:17  Marine  
  91  7:24  SCV x2  
  91  7:26  Marine  
  91  7:28  Missile Turret  
  94  7:36  SCV x2  
  94  7:38  Marine x2  
  94  7:39  Viking  
  94  7:40  Siege Tank  
  94  7:41  Marine  
  94  7:42  Viking  
  104  7:44  Barracks Tech Lab, Marine  
  104  7:45  Barracks  
  104  7:49  SCV  
  106  7:52  SCV  
  106  7:56  Marine x2  
  109  8:01  SCV  
  109  8:04  Terran Infantry Weapons Level 1  
  110  8:06  Supply Depot, Ghost Academy  
  110  8:24  Viking x2, Siege Tank, SCV  
  118  8:28  SCV  
  118  8:32  Engineering Bay  
  119  8:36  Orbital Command, SCV  
  119  8:39  Marauder x2, Marine  
  119  8:40  Armory, Barracks Tech Lab, SCV  
  126  8:46  Marine  
  126  8:47  Supply Depot, Marine  
  128  8:49  SCV  
  128  8:52  SCV  
  128  8:54  Viking  
  132  8:56  Viking  
  132  9:01  Marine  
  132  9:02  Marauder  
  137  9:03  Siege Tank  
  137  9:04  Marine  
  137  9:05  SCV  
  137  9:06  SCV  
  143  9:17  Marine x3  
  146  9:24  Medivac  
  146  9:26  Viking  
  146  9:29  Marauder, Marine  
  153  9:35  Siege Tank  
  107  9:54  Medivac  
  107  9:56  Viking  
  107  9:57  Marauder, Marine x2  
  107  9:58  Marauder, Marine x2  
  107  9:59  SCV x2  
  119  10:01  Refinery  
  119  10:02  Refinery  
  118  10:08  Sensor Tower, Bunker  
  118  10:13  Barracks  
  115  10:15  Ghost, Marine x2  
  115  10:16  Command Center, Marauder  
  115  10:17  SCV  
  115  10:18  SCV  
  123  10:25  SCV  
  124  10:31  Supply Depot x2  
  124  10:35  SCV  
  125  10:37  Terran Infantry Weapons Level 2  
  125  10:41  SCV  
  125  10:42  SCV  
  127  10:47  SCV  
  127  10:48  Missile Turret, Sensor Tower  
  127  10:49  Ghost  
  130  10:50  Marauder x2, Marine  
  135  11:01  Siege Tank  
  138  11:04  Refinery  
  138  11:05  Refinery, Ghost, Barracks Tech Lab  
  138  11:06  Marine  
  141  11:19  Missile Turret  
  141  11:22  Ghost  
  141  11:23  Marauder, Marine  
  141  11:24  Command Center  
  146  11:26  Viking  
  146  11:28  Supply Depot, Medivac  
  150  11:37  Missile Turret  
  150  11:40  Missile Turret  
  150  11:43  Missile Turret  
  150  11:45  Ghost, Marine  
  150  11:46  Marauder  
  155  11:48  Hellbat  
  155  11:50  Infernal Pre-Igniter  
  157  11:54  Planetary Fortress  
  157  12:02  Marauder x2, Marine x2  
  157  12:04  Missile Turret, Orbital Command  
  157  12:08  Marauder, Marine  
  166  12:13  Sensor Tower  
  163  12:19  Liberator x2  
  158  12:24  Marauder, Marine x2  
  158  12:25  Marauder  
  164  12:32  Marine  
  164  12:33  Marauder  
  164  12:35  Hellbat  
  165  12:47  Marauder x2, Marine x2  
  150  12:54  Marine  
  150  12:55  Marauder x2  
  119  13:04  Marine  
  119  13:05  Marauder  
  105  13:08  Marine x2  
  105  13:12  Marine  
  97  13:16  Marauder x2  
  93  13:22  Marine  
  93  13:26  Marauder x2, Marine  
  94  13:30  Marine  
  95  13:37  Marauder x2  
  95  13:39  SCV x3  
  95  13:40  Marine  
  103  13:43  Ghost  
  103  13:44  Terran Infantry Armor Level 1  
  103  13:47  Ghost, Marine  
  108  13:51  SCV  
  108  13:55  Marine  
  109  13:59  Marauder  
  109  14:01  Medivac  
  114  14:03  Orbital Command, SCV x2  
  114  14:04  Marine  
  114  14:09  Marine  
  116  14:13  SCV  
  116  14:15  SCV  
  116  14:16  Liberator  
  118  14:17  Ghost  
  120  14:31  Marine x2  
  120  14:32  Marauder x3, Marine  
  118  14:47  SCV x2  
  118  14:48  SCV  
  118  14:52  Viking  
  123  14:55  Hellbat  
  125  15:03  Ghost, Marine  
  125  15:04  Marauder, SCV x2  
  132  15:11  SCV  
  132  15:13  SCV  
  134  15:16  Viking, Hellbat, SCV  
  139  15:22  Sensor Tower  
  139  15:23  SCV  
  139  15:25  Viking  
  142  15:34  Orbital Command  
  140  15:46  Ghost x2, Marine x2, Marauder  
  140  15:47  Marauder, Marine  
  142  15:55  Medivac  
  135  15:58  SCV x2  
  129  16:07  Marauder, Marine  
  129  16:08  Marauder  
  90  16:15  Marine x2  
  90  16:16  Marauder  
Show
View Real Time Build Order
Export as new Build Order

PiG Protoss - Winner!

Build Orders: 1 Gate Expand, Oracle Opening, Colossus Rush 

Get SALT Encoding   

  12  0:01  Probe  
  13  0:13  Probe  
  14  0:20  Pylon  
  14  0:25  Probe  
  15  0:35  Probe  
  16  0:44  Probe  
  16  0:46  Gateway  
  17  0:53  Assimilator  
  17  0:54  Probe  
  18  1:06  Probe  
  19  1:18  Probe  
  20  1:27  Nexus  
  20  1:38  Cybernetics Core  
  20  1:44  Probe  
  21  1:47  Assimilator  
  21  1:58  Pylon, Probe  
  21  2:07  Adept  
  21  2:10  Probe  
  24  2:23  Probe  
  24  2:27  Stargate  
  25  2:32  Probe  
  25  2:35  Warp Gate  
  26  2:37  Probe  
  26  2:40  Probe  
  26  2:41  Adept  
  30  2:45  Probe  
  30  2:49  Probe  
  31  2:55  Probe  
  33  3:01  Probe  
  33  3:03  Oracle  
  34  3:07  Pylon, Probe  
  33  3:13  Probe  
  33  3:19  Zealot  
  39  3:21  Probe  
  39  3:25  Probe  
  41  3:29  Robotics Facility  
  41  3:33  Probe  
  42  3:37  Probe  
  42  3:40  Pylon  
  42  3:45  Probe  
  43  3:52  Stalker, Shield Battery  
  43  4:05  Probe  
  43  4:07  Probe  
  48  4:12  Immortal  
  46  4:18  Probe  
  46  4:21  Assimilator  
  51  4:25  Probe  
  51  4:27  Assimilator  
  51  4:29  Pylon  
  52  4:36  Robotics Bay, Nexus  
  52  4:37  Probe x2  
  51  4:49  Gateway, Probe  
  51  4:52  Probe  
  53  4:56  Sentry, Pylon  
  55  5:01  Probe  
  55  5:02  Gateway  
  55  5:04  Probe  
  57  5:08  Colossus  
  57  5:13  Probe  
  58  5:24  Extended Thermal Lance, Forge  
  58  5:26  Probe  
  65  5:32  Twilight Council  
  65  5:34  Probe  
  66  5:37  Zealot  
  66  5:38  Probe  
  69  5:45  Pylon  
  69  5:46  Probe  
  70  5:52  Zealot  
  70  5:56  Probe  
  74  5:57  Probe  
  74  6:01  Zealot x2  
  74  6:03  Colossus  
  77  6:06  Pylon  
  83  6:12  Probe  
  80  6:20  Pylon  
  80  6:22  Pylon  
  80  6:24  Pylon  
  80  6:25  Charge  
  80  6:29  Stalker x2  
  84  6:34  Protoss Ground Weapons Level 1  
  84  6:37  Stalker, Probe  
  86  6:40  Probe x2  
  86  6:46  Probe  
  89  6:52  Probe  
  89  6:57  Stalker x2  
  89  6:58  Colossus  
  89  6:59  Assimilator  
  87  7:03  Probe  
  84  7:19  Gateway  
  84  7:20  Sentry  
  84  7:21  Stalker x2  
  96  7:45  Robotics Facility  
  96  7:47  Gateway, Observer  
  96  7:48  Probe  
  96  7:50  Probe x2, Gateway  
  99  7:51  Assimilator  
  99  7:52  Pylon  
  99  7:56  Pylon  
  100  7:59  Zealot  
  100  8:00  Pylon, Probe  
  100  8:02  Probe x2  
  100  8:05  Pylon  
  105  8:07  Sentry  
  105  8:08  Zealot  
  110  8:12  Probe  
  110  8:14  Probe, Blink  
  111  8:23  Pylon, Observer  
  112  8:27  Protoss Ground Armor Level 1  
  112  8:29  Zealot x2  
  112  8:31  Probe x2  
  112  8:32  Probe  
  119  8:39  Pylon  
  119  8:43  Probe  
  119  8:44  Pylon, Forge  
  119  8:45  Observer  
  119  8:46  Zealot x2  
  125  8:54  Immortal  
  122  9:02  Templar Archives  
  122  9:06  Immortal  
  130  9:17  Zealot x3  
  130  9:18  Zealot x2  
  140  9:33  Disruptor  
  143  9:39  Zealot x5  
  143  9:45  Protoss Ground Weapons Level 2, Observer  
  128  9:59  Nexus  
  128  10:02  Assimilator  
  128  10:04  Immortal, Gateway  
  128  10:05  Assimilator  
  132  10:14  Zealot x2  
  132  10:15  Protoss Ground Armor Level 2, Zealot x2  
  132  10:20  Probe  
  141  10:25  Pylon  
  141  10:29  Psionic Storm  
  141  10:32  High Templar  
  141  10:34  Gateway  
  143  10:37  High Templar x4  
  143  10:38  Warp Prism  
  151  10:44  Gateway  
  153  10:52  High Templar  
  153  10:56  Photon Cannon  
  155  11:02  Pylon, High Templar  
  157  11:13  High Templar, Gravitic Drive  
  157  11:14  High Templar x2  
  163  11:26  Immortal, Probe x2  
  163  11:27  Probe x2  
  163  11:32  Photon Cannon  
  171  11:33  Photon Cannon  
  171  11:35  Photon Cannon  
  171  11:36  Shield Battery  
  171  11:38  Probe, Observer  
  171  11:39  Probe  
  173  11:40  High Templar x2  
  173  11:41  High Templar x2  
  173  11:43  Zealot  
  173  11:45  Zealot  
  185  11:49  Archon x2  
  185  12:07  Archon  
  179  12:15  Observer  
  179  12:17  High Templar x2  
  183  12:28  Zealot x7  
  197  12:32  Protoss Ground Weapons Level 3  
  197  12:33  Protoss Ground Armor Level 3  
  161  12:51  Immortal  
  161  12:52  Immortal  
  161  12:58  Archon  
  139  13:11  High Templar x4  
  125  13:15  Zealot x5  
  125  13:18  Colossus  
  125  13:19  Colossus  
  125  13:22  Probe x3  
  120  13:33  Nexus  
  132  13:34  Gateway  
  132  13:35  Gateway  
  132  13:37  Gateway  
  132  13:48  High Templar x2  
  132  13:49  High Templar x2  
  132  13:50  High Templar x2  
  142  13:57  Archon x2  
  142  14:04  Dark Shrine, Probe  
  143  14:12  Warp Prism  
  143  14:13  Observer  
  143  14:15  High Templar  
  148  14:19  Zealot x2  
  148  14:23  Stalker x4  
  160  14:29  Stalker x2  
  164  14:33  Colossus  
  160  14:49  Colossus  
  166  15:04  Zealot x10  
  186  15:12  High Templar x2  
  190  15:20  Archon, Assimilator  
  190  15:24  Assimilator  
  190  15:27  Colossus, Pylon  
  176  16:07  Archon  
  161  16:22  High Templar x2  
  161  16:23  Zealot x10  
  161  16:29  Archon  
  161  16:47  Photon Cannon  
  161  16:49  Photon Cannon  
  161  16:51  Photon Cannon  
  161  16:54  Photon Cannon  
  161  16:55  Shield Battery  
  161  16:57  Pylon  
  161  16:58  Pylon  
  161  16:59  High Templar x4  
Tags
 
Add a new tag
Caveats
  • Supply blocks, unpowered buildings, or Contaminate may cause inaccurate times.
  • Supply counts are checked every 10 seconds.